 Dungeon Crawl Stone Soup version 0.29-a0-96-g93358da72b (webtiles) character file.

Game seed: 17146396814460185351

92 drugrobin the Poker (level 4, 0/36 HPs)
             Began as a Demigod Warper on Feb 13, 2022.
             Slain by Pargi (5 damage)
             ... in a sewer.
             The game lasted 00:08:53 (3286 turns).

drugrobin the Poker (Demigod Warper)                Turns: 3286, Time: 00:08:54

Health: 0/36       AC:  5    Str: 16    XL:     4   Next: 13%
Magic:  9/9        EV: 11    Int: 15    God:
Gold:   97         SH:  0    Dex: 13    Spells: 4/6 levels left

rFire   . . .      SeeInvis .   a - +0 trident
rCold   . . .      Faith    .   (no shield)
rNeg    . . .      Spirit   .   b - +0 leather armour
rPois   .          Reflect  .   (no helmet)
rElec   .          Harm     .   p - +1 cloak
rCorr   .          Rampage  .   (no gloves)
Will    .....                   (no boots)
Stlth   +.........              (no amulet)
HPRegen 0.12/turn               (no ring)
MPRegen 0.11/turn               (no ring)

@: mighty
A: high MP 1, forlorn, divine attributes
a: no special abilities


You were in a sewer.
You visited 1 branch of the dungeon, and saw 3 of its levels.
You also visited: Sewer.

You collected 97 gold pieces.

Inventory:

Hand Weapons
 a - a +0 trident (weapon)
 n - a +0 quarterstaff
 t - a +0 spear
Missiles
 d - 5 boomerangs of dispersal
 h - 63 stones (quivered)
 j - 2 javelins
 m - 17 bolts
 q - 3 atropa-tipped darts
Armour
 b - a +0 leather armour (worn)
 p - a +1 cloak (worn)
Jewellery
 l - an amulet of the acrobat
Scrolls
 c - 2 scrolls of blinking
 g - a scroll of vulnerability {unknown}
 k - a scroll of identify
 o - a scroll of enchant armour
Potions
 e - a potion of brilliance {unknown}
 f - a potion of degeneration {unknown}
 i - a potion of might
 r - a potion of lignification {unknown}
 s - a potion of berserk rage {unknown}


   Skills:
 - Level 1.7 Fighting
 + Level 4.2 Polearms
 - Level 0.8 Throwing
 - Level 0.8 Armour
 - Level 1.7 Dodging
 - Level 1.7 Spellcasting
 - Level 2.6 Translocations


You had 4 spell levels left.
You knew the following spells:

 Your Spells              Type           Power      Damage    Failure   Level
a - Blink                 Tloc           18%        N/A       14%         2

Your spell library contained the following spells:

 Spells                   Type           Power      Damage    Failure   Level
 Gell's Gravitas          Tloc           9%         N/A       28%         3
 Lesser Beckoning         Tloc           9%         N/A       28%         3
 Teleport Other           Tloc           9%         N/A       28%         3
 Manifold Assault         Tloc           9%         N/A       95%         5


Dungeon Overview and Level Annotations

Branches:
Dungeon (3/15)              Sewer (1/1)

Annotations:
Sewer Pargi


Innate Abilities, Weirdness & Mutations

You have an increased reservoir of magic. (+10% MP)
You shall have no god before yourself.
Your divine heritage dramatically boosts your attributes as you level up.


Message History

Pargi closely misses you. Pargi barely misses you.
Pargi claws you but does no damage.
You miss Pargi.
Pargi is lightly wounded.
Pargi bites you but does no damage. Pargi barely misses you.
Pargi claws you but does no damage.
You closely miss Pargi.
Pargi is lightly wounded.
Pargi bites you. Pargi barely misses you. Pargi closely misses you.
You puncture Pargi!
Pargi is heavily wounded.
Pargi bites you. Pargi closely misses you. Pargi barely misses you.
You barely miss Pargi.
Pargi is heavily wounded.
Pargi barely misses you. Pargi claws you but does no damage. x2
You hit Pargi.
Pargi is heavily wounded.
Pargi bites you. Pargi closely misses you. Pargi claws you.
You closely miss Pargi.
Pargi is heavily wounded.
Pargi snarls, "Go!
Away!"
Pargi bites you. Pargi barely misses you. Pargi closely misses you.
You barely miss Pargi.
Pargi is heavily wounded.
Pargi bites you. Pargi claws you but does no damage. Pargi claws you.
You puncture Pargi!
Pargi is severely wounded.
Pargi bites you.
* * * LOW HITPOINT WARNING * * *
Pargi claws you but does no damage. x2
You hit Pargi.
Pargi is severely wounded.
Pargi bites you but does no damage. Pargi claws you but does no damage. x2
Unknown command.
You hit Pargi.
Pargi is almost dead.
Pargi bites you.
* * * LOW HITPOINT WARNING * * *
Pargi claws you but does no damage. x2; Pargi bites you.
You die...

≈≈≈.#
#.#≈≈≈≈≈≈≈≈≈≈≈≈≈≈
..###
####≈≈≈≈≈≈≈≈≈≈≈≈≈
###
####≈≈≈≈≈≈≈≈≈≈ #
#.≈≈≈≈≈≈≈≈# #
#.≈≈≈≈≈≈≈≈≈
###.≈≈≈≈≈≈≈ #
##†≈≈≈≈≈≈# #
#≈≈≈≈≈≈≈≈≈ #
#@≈≈≈≈≈≈≈≈
≈.≈.≈≈T≈≈≈≈≈≈≈≈#
#######≈≈≈≈≈≈≈≈#
#≈≈≈≈≈≈≈≈≈
.≈≈≈≈≈≈≈≈≈
#≈≈≈≈≈≈≈≈≈
≈≈≈≈≈≈≈≈≈
≈≈≈≈≈≈≈≈≈


You could see Pargi.

Vanquished Creatures
  2 adders
  3 worms
  2 dart slugs
  An orc (D:3)
  3 ball pythons
  7 endoplasms
  3 giant cockroaches
  3 goblins
  10 hobgoblins
  4 kobolds
  A quokka (D:2)
  4 bats
  8 frilled lizards
  7 rats
58 creatures vanquished.

Vanquished Creatures (others)
  54 plants (D:1)
54 creatures vanquished.

Grand Total: 112 creatures vanquished

Notes
Turn   | Place    | Note
-------+----------+-------------------------------------------
     0 | D:1      | drugrobin the Demigod Warper began the quest for the Orb.
     0 | D:1      | Reached XP level 1. HP: 17/17 MP: 5/5
    32 | D:1      | Reached skill level 2 in Polearms
   293 | D:1      | Reached XP level 2. HP: 20/24 MP: 7/7
   338 | D:1      | Learned a level 2 spell: Blink
   854 | D:1      | Reached skill level 3 in Polearms
  1275 | D:2      | Reached XP level 3. HP: 19/29 MP: 8/8
  2929 | D:3      | Reached skill level 4 in Polearms
  3031 | D:3      | Reached XP level 4. HP: 20/36 MP: 9/9
  3176 | D:3      | Found a glowing drain.
  3217 | Sewer    | Entered a sewer
  3270 | Sewer    | Noticed Pargi
  3286 | Sewer    | Slain by Pargi

Illustrated notes

Levels and vault maps discovered:
D:1:      roderic_crop_circles_arrival_small, layout_loops_cross
D:2:      layout_basic, basic_altar, hangedman_decor_push,
          kennysheep_generic_room_9
D:3:      layout_rooms, mainiacjoe_overflow_cross_hatched,
          nicolae_elyvilon_peaceful_grove, chequers_ecumenical_altar_simple,
          cheibrodos_sewer_entry_bend
Sewer:    sewer_co_pargi_island

Skill      XL: |  1  2  3 |
---------------+----------+-----
Polearms       | 2 3 4 |  4.2
Fighting       | |  1.7
Throwing       | |  0.8
Armour         | |  0.8
Dodging        | |  1.7
Spellcasting   | |  1.7
Translocations | |  2.6

Action                   |  1- 3 |  4- 6 || total
-------------------------+-------+-------++-------
Melee: Spear             |   169 |       ||   169
       Trident           |    19 |    41 ||    60
       Quarterstaff      |     9 |       ||     9
       Punch             |     1 |     2 ||     3
Throw: Stone             |    21 |     2 ||    23
       Dart              |     1 |       ||     1
  Use: Scroll            |     1 |     1 ||     2
       Potion            |       |     1 ||     1
Armor: Leather armour    |    40 |    19 ||    59
Dodge: Dodged            |    67 |    24 ||    91

Table legend: (Time is in decaauts)
 A = Elapsed time spent in this place.
 B = Non-inter-level travel time spent in this place.
 C = Inter-level travel time spent in this place.
 D = Time resting spent in this place.
 E = Time spent auto-exploring this place.
 F = Levels seen in this place.
 G = Mean time per level.
                   A        B        C        D        E       F      G
               +--------+--------+--------+--------+--------+-----+--------+
         Total |   3299 |   3147 |    152 |    772 |   1436 |   4 |  824.8 |
       Dungeon |   3219 |   3067 |    152 |    772 |   1436 |   3 | 1073.0 |
         Sewer |     80 |     80 |      0 |      0 |      0 |   1 |   80.0 |
               +--------+--------+--------+--------+--------+-----+--------+

Top non-repeatable levels by time:
     D:1: 1577 daAuts
     D:2: 1185 daAuts
     D:3: 456 daAuts
   Sewer: 80 daAuts
